 Dungeon Crawl Stone Soup version 0.18-a0-801-gb01a236 (webtiles) character file.

725 Crishpax the Thaumaturge (level 7, 0/36 HPs)
             Began as a Deep Elf Wizard on Dec 14, 2015.
             Slain by a wyvern (19 damage)
             ... on level 4 of the Dungeon.
             The game lasted 00:16:14 (4134 turns).

Crishpax the Thaumaturge (Deep Elf Wizard)          Turns: 4134, Time: 00:16:14

Health: 0/36       AC:  4    Str:  4    XL:     7   Next: 43%
Magic:  15/21      EV: 12    Int: 25    God:
Gold:   265        SH:  0    Dex: 13    Spells: 5 memorised, 12 levels left

rFire  . . .     SeeInvis .     r - +6 blowgun
rCold  . . .     Clarity  .     a - +0 robe
rNeg   . . .     SustAt   .     (no shield)
rPois  .         Gourm    .     b - +0 hat
rElec  .         Spirit   .     (no cloak)
rCorr  .         Dismiss  .     (no gloves)
rMut   .         Stasis   .     o - +1 pair of boots
MR     .....                    (no amulet)
Stlth  ++........               (no ring)
                                (no ring)

@: not resistant to hostile enchantments, unstealthy
A: no striking features
a: no special abilities


You were on level 4 of the Dungeon.
You were not hungry.

You visited 1 branch of the dungeon, and saw 4 of its levels.

You collected 265 gold pieces.

Inventory:

Hand Weapons
 j - a -1 whip
 r - a +6 blowgun (weapon)
Missiles
 t - 32 poisoned needles (quivered)
Armour
 a - a +0 robe (worn)
 b - a +0 hat (worn)
 o - a +1 pair of boots (worn)
Jewellery
 m - an uncursed ring of flight {unknown}
Scrolls
 k - 2 scrolls of identify
 l - a scroll of teleportation
Potions
 e - a potion of ambrosia {unknown}
 h - 3 potions of degeneration {unknown}
 n - a potion of might {unknown}
 s - 2 potions of curing {unknown}
Books
 c - a book of Minor Magic

   Spells                             Type                      Level
   a - Magic Dart                     Conjuration                  1
   b - Blink                          Translocation                2
   c - Call Imp                       Summoning                    2
   d - Repel Missiles                 Charms/Air                   2
   e - Slow                           Hexes                        2
   f - Conjure Flame                  Conjuration/Fire             3
   g - Mephitic Cloud                 Conjuration/Poison/Air       3
Comestibles
 d - 3 bread rations
 f - a slice of pizza
 g - 3 meat rations
 i - 6 fruits


   Skills:
 - Level 2.4 Dodging
 - Level 2.4 Stealth
 + Level 8.5 Spellcasting
 + Level 6.6 Conjurations
   Level 1.1 Summonings
 - Level 1.1 Translocations


You had 12 spell levels left.
You knew the following spells:

 Your Spells              Type           Power        Failure   Level  Hunger
a - Magic Dart            Conj           ####         1%          1    None
b - Blink                 Tloc           N/A          8%          2    None
c - Conjure Flame         Conj/Fire      ####....     6%          3    None
d - Mephitic Cloud        Conj/Pois/Air  ###.....     10%         3    None
e - Repel Missiles        Chrm/Air       ##....       10%         2    None


Dungeon Overview and Level Annotations

Branches:
Dungeon (4/15)
 Temple: D:4-7

Altars:
Qazlal
Xom
The Shining One


Message History

Press: ? - help, Dir - move target cursor The fire roars!
The wyvern hisses menacingly.
Casting: Conjure Flame
Confirm with . or Enter, or press ? or * to list all spells.
Aiming: Mephitic Cloud
Press: ? - help, Shift-Dir - straight line, f - wyvern
Aim: a wyvern The ball explodes into a vile cloud!
The stinking cloud engulfs the wyvern.
The wyvern is engulfed in noxious fumes.
The wyvern is engulfed in roaring flames.
The wyvern bites you!
Unknown command.
The wyvern is engulfed in roaring flames.
Casting: Mephitic Cloud
Confirm with . or Enter, or press ? or * to list all spells.
Okay, then.
The wyvern bites you!!
Ouch! That really hurt!
You die...

.[..............##
#..
.#.....[........
#####..
....####..#####
....... ...##
##..# ####.. #).#
##.## #.. #..#
#..# #.. ......
##.##### ###
....... #.....###
........#
#####.@l########
........#
###..ยงยงยง....
........#
##########
.......## .##...


You could see a wyvern.

Vanquished Creatures
  The ghost of JokEr the Skirmisher, a novice OpFi (D:4)
  A scorpion (D:4)
  An orc wizard (D:4)
  3 orc priests (D:4)
  3 worker ants
  Ijyb (D:3)
  Terence (D:3)
  3 gnolls (D:3)
  An adder (D:3)
  2 oozes
  2 worms
  2 giant geckos
  10 orcs
  12 bats
  9 goblins
  8 hobgoblins
  7 jackals
  10 kobolds
  A ball python (D:2)
  5 giant cockroaches
  2 giant newts
  5 rats
90 creatures vanquished.

Notes
Turn   | Place    | Note
--------------------------------------------------------------
     0 | D:1      | Crishpax the Deep Elf Wizard began the quest for the Orb.
     0 | D:1      | Reached XP level 1. HP: 10/10 MP: 7/7
   317 | D:1      | Reached XP level 2. HP: 15/15 MP: 7/9
   966 | D:1      | Reached skill level 5 in Spellcasting
   966 | D:1      | Reached XP level 3. HP: 19/19 MP: 6/11
  1142 | D:1      | Learned a level 2 spell: Blink
  1146 | D:1      | Learned a level 3 spell: Conjure Flame
  1150 | D:1      | Learned a level 3 spell: Mephitic Cloud
  1153 | D:1      | Learned a level 2 spell: Repel Missiles
  1250 | D:2      | Found a glowing golden altar of the Shining One.
  1279 | D:2      | Found a stormy altar of Qazlal.
  1771 | D:2      | Found a shimmering altar of Xom.
  1771 | D:2      | Found a shimmering altar of Xom.
  1771 | D:2      | Found a shimmering altar of Xom.
  1792 | D:2      | Found a shimmering altar of Xom.
  1792 | D:2      | Found a shimmering altar of Xom.
  2036 | D:2      | You fall through a shaft for 2 floors!
  2343 | D:3      | Reached XP level 4. HP: 8/24 MP: 4/13
  2741 | D:3      | Noticed Ijyb
  2750 | D:3      | Killed Ijyb
  2750 | D:3      | Reached skill level 6 in Spellcasting
  2750 | D:3      | Reached XP level 5. HP: 28/28 MP: 7/15
  3019 | D:3      | Noticed Terence
  3027 | D:3      | Killed Terence
  3349 | D:4      | Noticed JokEr's ghost (novice OpFi)
  3512 | D:4      | Killed JokEr's ghost
  3512 | D:4      | Reached skill level 7 in Spellcasting
  3512 | D:4      | Reached skill level 5 in Conjurations
  3512 | D:4      | Reached XP level 6. HP: 32/32 MP: 1/18
  3725 | D:4      | Reached skill level 8 in Spellcasting
  3725 | D:4      | Reached XP level 7. HP: 36/36 MP: 5/20
  4129 | D:4      | Noticed a wyvern
  4134 | D:4      | Slain by a wyvern

Vault maps used:
D:1:      co_arrival_square_in_a_square_in_a_square
D:2:      tso_metal_star, lemuel_crystal_altar, first_bread,
          wad_floor_pattern_1, xom_redecorated
D:3:      uniq_terence, uniq_iyjb
D:4:      lemuel_coloured_pillars_altar, kennysheep_potato, uniq_blork_the_orc

Action                   |  1- 3 |  4- 6 |  7- 9 || total
-------------------------+-------+-------+-------++-------
Melee: Whip              |     2 |       |       ||     2
 Fire: Blowgun           |     4 |    30 |    24 ||    58
 Cast: Magic Dart        |   103 |    61 |    35 ||   199
       Repel Missiles    |     1 |     1 |       ||     2
       Conjure Flame     |       |     5 |     2 ||     7
       Mephitic Cloud    |       |     5 |     4 ||     9
       Blink             |       |     1 |       ||     1
  Use: Scroll            |     7 |       |       ||     7
 Stab: Confused          |       |     1 |       ||     1
       Distracted        |       |     1 |       ||     1
  Eat: Chunk             |     3 |     5 |     2 ||    10
